 Dungeon Crawl Stone Soup version 0.17-a0-1793-gcbb3aa1 (webtiles) character file.

5124 Geeful the Covert (level 10, -6/68 HPs)
             Began as a Vampire Enchanter on Sept 9, 2015.
             Was a Priest of Makhleb.
             Mangled by Gastronok (32 damage)
             ... on level 8 of the Dungeon.
             The game lasted 00:45:54 (9065 turns).

Geeful the Covert (Vampire Enchanter)               Turns: 9065, Time: 00:45:54

Health: -6/68      AC: 12    Str: 10    XL:     10   Next: 32%
Magic:  2/15       EV: 11    Int: 23    God:    Makhleb [***...]
Gold:   314        SH:  0    Dex: 14    Spells: 2 memorised, 9 levels left

rFire  + . .     SeeInvis +     a - +1 short sword (venom)
rCold  . . .     Clarity  .     v - +0 scale mail
rNeg   . . .     SustAt   .     (no shield)
rPois  .         Gourm    .     y - +1 hat
rElec  .         Spirit   .     m - +1 cloak
rCorr  .         Warding  .     B - +1 pair of gloves
rMut   .         Stasis   .     (no boots)
MR     +....                    (no amulet)
Stlth  ++++......               i - +4 ring of intelligence
                                l - ring of protection from fire

@: regenerating quickly, slowed, very slow, somewhat resistant to hostile
enchantments, stealthy
A: fangs 3, see invisible, unbreathing
a: Minor Destruction, Lesser Servant of Makhleb, Renounce Religion


You were on level 8 of the Dungeon.
You worshipped Makhleb.
Makhleb was most pleased with you.
You were full.

You visited 2 branches of the dungeon, and saw 9 of its levels.

You collected 359 gold pieces.
You spent 45 gold pieces at shops.

Inventory:

Hand weapons
 a - a +1 short sword of venom (weapon)
 b - a +1 scimitar of flaming
 F - a +0 blowgun
Missiles
 c - 2 throwing nets (quivered)
 f - 37 poisoned needles
Armour
 m - a +1 cloak (worn)
 o - a +0 ring mail
 v - a +0 scale mail (worn)
 y - a +1 hat (worn)
 z - a +0 shield
 B - a +1 pair of gloves (worn)
Jewellery
 h - an uncursed ring of ice
 i - a +4 ring of intelligence (right hand)
 l - a ring of protection from fire (left hand)
 D - a +2 ring of strength
 G - an uncursed ring of positive energy
Magical devices
 n - a wand of enslavement (19)
 t - a wand of magic darts (26)
Scrolls
 d - 2 scrolls of magic mapping
 j - 2 scrolls of remove curse
 r - 8 scrolls of identify
 w - 4 scrolls of recharging
 x - a scroll of enchant armour
 A - a scroll of teleportation
 E - a scroll of fear
 H - a scroll of fog
Potions
 e - a potion of flight
 g - a potion of resistance
 k - a potion of degeneration {unknown}
 p - 6 potions of curing
 q - a potion of brilliance
 s - a potion of agility
 u - 2 potions of heal wounds
 C - a potion of lignification
 I - 17 potions of blood
Books
 J - a book of the Sky

   Spells                             Type                      Level
   a - Summon Lightning Spire         Summoning/Air                4
   b - Airstrike                      Air                          4
   c - Silence                        Hexes/Air                    5
   d - Deflect Missiles               Charms/Air                   6
   e - Conjure Ball Lightning         Conjuration/Air              6
   f - Tornado                        Air                          9


   Skills:
 - Level 2.4 Fighting
 - Level 1.1(5.7) Short Blades
 * Level 8.3 Long Blades
 + Level 4.4 Armour
 + Level 6.8 Dodging
 * Level 11.4 Stealth
 - Level 3.3 Spellcasting
 - Level 9.3 Hexes


You had 9 spell levels left.
You knew the following spells:

 Your Spells              Type           Power        Failure   Level  Hunger
b - Confuse               Hex            #####...     4%          3    ###....
c - Tukima's Dance        Hex            #####...     4%          3    ###....


Dungeon Overview and Level Annotations

Branches:
Dungeon (8/15)             Temple (1/1) D:5
   Lair: D:8-11

Altars:
Ashenzari
Cheibriados
Dithmenos
Elyvilon
Fedhas
Gozag
Kikubaaqudgha
Makhleb
Nemelex Xobeh
Okawaru
Qazlal
Ru
Sif Muna
Trog
Vehumet
Xom
Yredelemnul
Zin
The Shining One

Shops:
D:5 (

Annotations:
D:6 exclusion: oklob plant
D:8 Gastronok


Innate Abilities, Weirdness & Mutations

Your natural rate of healing is unusually fast.
You have razor-sharp teeth.
You have supernaturally acute eyesight.
You can survive without breathing.


Message History

The quokka barely misses you.
You hit the quokka.
The quokka is moderately wounded.
The quokka barely misses you.
You hit the quokka but do no damage.
The quokka is poisoned.
The quokka is moderately wounded.
The quokka bites you but does no damage.
Gastronok bites you!!
You closely miss the quokka.
The quokka is moderately wounded.
The quokka misses you. The quokka bites you. Gastronok bites you!!
You hit the quokka but do no damage.
The quokka looks even sicker.
You bite the quokka.
The quokka is severely wounded.
The quokka barely misses you.
You barely miss the quokka.
The quokka is severely wounded.
The quokka bites you but does no damage.
Gastronok bites you!!
You die...

#...#
#...#########
######...##.......
#........##.......
#.####.####.......
#.#..#.# .......
#.#.<#.# #....
#r##.#.# #....
#@wr.#.# #....
######.# #....
#.#######....
#.#..........
#)#.......###
#[#.......# #
#)#.......# #
#.#.......#
#.........###


You could see Gastronok, a river rat and a quokka.

Vanquished Creatures
  A flayed ghost (D:8)
  2 fire bats (D:8)
  5 wraiths (D:8)
  Eustachio (D:5)
  A soldier ant (D:7)
  4 ice beasts
  2 wasps
  An ogre (D:8)
  The ghost of Ultraviolent4 the Skirmisher, an average CeCj (D:6)
  A sky beast (D:8)
  A necrophage (D:6)
  2 centaurs (D:6)
  A gnoll sergeant (D:7)
  2 giant frogs
  2 big kobolds
  A scorpion (D:6)
  A giant frog zombie (D:7)
  2 orc priests
  2 crimson imps (D:6)
  A hound (D:7)
  A quasit (D:8)
  Crazy Yiuf (D:2)
  2 iguanas
  2 jellies (D:7)
  An orc wizard (D:6)
  Jessica (D:2)
  Terence (D:2)
  2 giant frog skeletons
  Natasha (thrice) (D:3)
  4 worker ants
  3 gnolls (D:7)
  2 shadow imps (D:5)
  7 adders
  An ooze (D:3)
  2 adder skeletons
  4 worms
  6 giant geckos
  8 orcs
  A ball python (D:1)
  14 bats
  4 hobgoblins
  15 kobolds
  3 quokkas
  5 giant cockroaches
  A giant cockroach zombie (D:5)
  A giant newt (D:2)
  8 goblins
  10 jackals
  A quokka skeleton (D:7)
  10 rats
  A fungus (D:2)
159 creatures vanquished.

Vanquished Creatures (collateral kills)
  Erolcha (D:8)
  Erica (D:8)
  Edmund (D:6)
  4 ogres
  A worker ant (D:7)
  An adder (D:3)
  2 gnolls (D:7)
  3 orcs
  3 kobolds (D:7)
17 creatures vanquished.

Vanquished Creatures (others)
  An orc (D:4)
  10 toadstools (D:6)
11 creatures vanquished.

Grand Total: 187 creatures vanquished

Notes
Turn   | Place    | Note
--------------------------------------------------------------
     0 | D:1      | Geeful the Vampire Enchanter began the quest for the Orb.
     0 | D:1      | Reached XP level 1. HP: 13/13 MP: 3/3
   300 | D:1      | Reached skill level 5 in Hexes
   403 | D:1      | Reached XP level 2. HP: 7/19 MP: 5/5
  1115 | D:2      | Reached skill level 6 in Hexes
  1197 | D:2      | Reached XP level 3. HP: 24/24 MP: 6/6
  1213 | D:1      | Learned a level 3 spell: Confuse
  1420 | D:2      | Noticed Terence
  1452 | D:2      | Killed Terence
  1452 | D:2      | Reached skill level 7 in Hexes
  1491 | D:2      | Noticed Jessica
  1503 | D:2      | Reached XP level 4. HP: 25/30 MP: 3/7
  1514 | D:2      | Killed Jessica
  1683 | D:2      | Learned a level 3 spell: Tukima's Dance
  1925 | D:2      | Noticed Crazy Yiuf
  1939 | D:2      | Killed Crazy Yiuf
  2149 | D:3      | Found a basalt altar of Yredelemnul.
  2200 | D:3      | Reached skill level 8 in Hexes
  2225 | D:3      | Reached XP level 5. HP: 35/35 MP: 1/8
  2725 | D:3      | Noticed Natasha
  2759 | D:3      | Killed Natasha
  2855 | D:3      | Noticed Natasha
  2865 | D:3      | Killed Natasha
  3113 | D:3      | Reached skill level 1 in Long Blades
  3525 | D:3      | Noticed Natasha
  3539 | D:3      | Killed Natasha
  3554 | D:4      | Found a radiant altar of Vehumet.
  4350 | D:5      | Entered Level 5 of the Dungeon
  4383 | D:5      | Noticed Eustachio
  4414 | D:5      | Killed Eustachio
  4414 | D:5      | Reached skill level 9 in Hexes
  4414 | D:5      | Reached XP level 6. HP: 23/41 MP: 1/10
  4933 | D:5      | Found a staircase to the Ecumenical Temple.
  5068 | Temple   | Entered the Ecumenical Temple
  5187 | Temple   | Became a worshipper of Makhleb the Destroyer
  5460 | D:5      | Found Log Mor's Antique Weapon Emporium.
  5464 | D:5      | Bought a blowgun for 45 gold pieces
  5588 | D:5      | Noticed an ogre
  5590 | D:5      | Killed an ogre
  5590 | D:5      | Reached XP level 7. HP: 35/47 MP: 8/12
  5741 | D:6      | Reached skill level 1 in Fighting
  5776 | D:6      | Found a shadowy altar of Dithmenos.
  5786 | D:6      | Reached skill level 1 in Armour
  5794 | D:6      | Found a deep blue altar of Sif Muna.
  5795 | D:6      | Found a stormy altar of Qazlal.
  6075 | D:6      | Found a snail-covered altar of Cheibriados.
  6305 | D:6      | Reached XP level 8. HP: 24/56 MP: 13/13
  6515 | D:6      | Acquired Makhleb's first power
  6540 | D:6      | Noticed Edmund
  6573 | D:6      | Killed Edmund
  6680 | D:6      | Noticed Ultraviolent4's ghost (average CeCj)
  6689 | D:6      | Killed Ultraviolent4's ghost
  6689 | D:6      | Reached skill level 5 in Stealth
  6743 | D:6      | Reached skill level 5 in Long Blades
  6845 | D:6      | Found a blossoming altar of Fedhas.
  6863 | D:6      | Noticed an oklob plant
  7026 | D:7      | Paralysed by a wasp for 1 turns
  7330 | D:7      | Found a deep blue altar of Sif Muna.
  7647 | D:7      | Reached skill level 5 in Dodging
  7824 | D:7      | Reached XP level 9. HP: 48/62 MP: 10/14
  7931 | D:7      | Acquired Makhleb's second power
  8274 | D:8      | Noticed Erica
  8290 | D:8      | Killed Erica
  8305 | D:8      | Noticed Erolcha
  8310 | D:8      | Killed Erolcha
  8316 | D:8      | Noticed Gastronok
  8419 | D:8      | Found an ancient bone altar of Kikubaaqudgha.
  8430 | D:8      | Found a runed door.
  8462 | D:8      | Reached skill level 10 in Stealth
  8484 | D:8      | Found an iron altar of Okawaru.
  8501 | D:8      | Acquired Makhleb's third power
  8565 | D:8      | Found a shimmering altar of Xom.
  8577 | D:8      | Reached XP level 10. HP: 59/68 MP: 15/15
  8600 | D:8      | Noticed a flayed ghost
  8622 | D:8      | Killed a flayed ghost
  8622 | D:8      | Reached skill level 11 in Stealth
  8688 | D:8      | Found a glowing silver altar of Zin.
  8742 | D:8      | Found an opulent altar of Gozag.
  8779 | D:8      | Found a sparkling altar of Nemelex Xobeh.
  9065 | D:8      | Mangled by Gastronok

Vault maps used:
D:1:      lemuel_arrival_rhombus
D:2:      uniq_terence, uniq_crazy_yiuf_cottage, uniq_jessica
D:3:      nicolae_overflow_crystal_walls, first_bread, uniq_natasha
D:4:      vehumet_altar_wand_db
D:5:      temple_hall, serial_shops, shop, minmay_misc_feat_encased,
          uniq_eustachio
D:6:      tgw_fedhas, gammafunk_temple_overflow_forgotten,
          cheibrodos_worm_habitat, uniq_edmund
D:7:      kennysheep_big_flooded_room, basic_altar
D:8:      due_megacathedral, enter_ossuary_1, uniq_erica, uniq_erolcha,
          uniq_gastronok
Temple:   circular_temple_pool_12

Action                   |  1- 3 |  4- 6 |  7- 9 | 10-12 || total
-------------------------+-------+-------+-------+-------++-------
Melee: Dagger            |   152 |   166 |    83 |       ||   401
       Falchion          |       |    40 |     8 |       ||    48
       Long sword        |       |       |   156 |       ||   156
       Short sword       |       |       |    84 |    26 ||   110
       Scimitar          |       |       |    60 |    72 ||   132
 Fire: Blowgun           |       |       |     2 |       ||     2
 Cast: Confuse           |     4 |    10 |    16 |     9 ||    39
       Tukima's Dance    |       |     5 |    11 |       ||    16
Evoke: Wand              |       |     1 |       |       ||     1
  Use: Potion            |     7 |    10 |    12 |     9 ||    38
       Scroll            |     2 |    13 |     3 |       ||    18
 Stab: Sleeping          |     9 |     8 |     8 |     1 ||    26
       Confused          |     4 |     5 |    19 |     4 ||    32
       Distracted        |       |     1 |       |       ||     1
  Eat: Corpse            |     8 |     1 |     1 |       ||    10
